 Dungeon Crawl Stone Soup version 0.28-a0-1395-g4f6bc678fa (webtiles) character file.

Game seed: 17463121978282547094

11729 croobank the Eye of the Storm (level 11, -16/91 HPs)
             Began as a Hill Orc Fighter on Jan 4, 2022.
             Was a Priest of Qazlal.
             Hit by a large rock thrown by a cyclops (39 damage)
             ... on level 11 of the Dungeon.
             The game lasted 01:20:55 (14394 turns).

croobank the Eye of the Storm (Hill Orc Fighter)   Turns: 14394, Time: 01:20:55

Health: -16/91     AC: 13    Str: 29    XL:     11   Next: 82%
Magic:  16/21      EV: 11    Int: 10    God:    Qazlal [***...]
Gold:   797        SH: 10    Dex: 10    Spells: 10/10 levels left

rFire   + . .      SeeInvis +   a - +7 spear "Hivefoz" {venom, *Corrode Fly Str+7 SInv}
rCold   . . .      Faith    .   c - +0 buckler
rNeg    . . .      Spirit   .   A - +0 acid dragon scales
rPois   .          Reflect  .   f - +1 helmet
rElec   .          Harm     .   K - +0 cloak
rCorr   +          Rampage  .   (no gloves)
Will    .....                   O - +0 pair of boots
Stlth   +.........              z - amulet of magic regeneration
HPRegen 0.25/turn               l - ring of resist corrosion
MPRegen 0.57/turn               p - ring of protection from fire

@: flying
A: no striking features
a: Renounce Religion, Upheaval, Elemental Force


You were on level 11 of the Dungeon.
You worshipped Qazlal.
Qazlal was most pleased with you.
You visited 4 branches of the dungeon, and saw 16 of its levels.

You collected 797 gold pieces.

Inventory:

Hand Weapons
 a - the +7 spear "Hivefoz" (weapon) {venom, *Corrode Fly Str+7 SInv}
   (You found it on level 2 of the Dungeon)

   It poisons the flesh of those it strikes.
   Str:       It affects your strength (+7).
   SInv:      It lets you see invisible.
   Fly:       It grants you flight.
   *Corrode:  It may corrode you when you take damage.
 b - a +0 hunting sling
 E - a +2 flail of protection
 J - a +0 hand crossbow
 N - a +5 short sword of freezing
 R - a +4 dagger of flaming
Missiles
 h - 305 stones
 i - 6 atropa-tipped darts
 q - 53 sling bullets
 r - 48 poisoned darts
 y - 181 arrows
 L - 43 bolts
 V - a curare-tipped dart (quivered)
Armour
 c - a +0 buckler (worn)
 f - a +1 helmet (worn)
 t - a +0 chain mail
 A - +0 acid dragon scales (worn)
 K - a +0 cloak (worn)
 O - a +0 pair of boots (worn)
 P - a +0 plate armour
Magical Staves
 j - a staff of earth
 w - a staff of air
Jewellery
 l - a ring of resist corrosion (left hand)
 m - a ring of flight
 p - a ring of protection from fire (right hand)
 z - an amulet of magic regeneration (around neck)
 Q - a +4 ring of evasion
 W - a ring of positive energy
Wands
 G - a wand of flame (21)
 M - a wand of digging (9)
 Y - a wand of polymorph (4)
Scrolls
 k - 3 scrolls of silence
 C - a scroll of fog
 H - 2 scrolls of amnesia
 I - a scroll of magic mapping
 X - 2 scrolls of enchant armour {unknown}
Potions
 d - a potion of ambrosia {unknown}
 o - a potion of berserk rage
 s - a potion of curing
 u - a potion of lignification
 x - a potion of cancellation
 B - a potion of heal wounds {unknown}
 D - 3 potions of brilliance
 S - 2 potions of attraction {unknown}
 U - 2 potions of magic {unknown}
 Z - a potion of might
Miscellaneous
 e - a box of beasts (inert)


   Skills:
 - Level 6.7 Fighting
 - Level 3.2(8.0) Axes
 + Level 9.5(9.7) Polearms
 + Level 9.0 Armour
 + Level 9.0 Shields
 + Level 14.4 Invocations


You had 10 spell levels left.
You didn't know any spells.
Your spell library contained the following spells:

 Spells                   Type           Power      Damage    Failure   Level
 Freeze                   Ice            0%         1d3       41%         1
 Shock                    Conj/Air       0%         1d3       41%         1
 Frozen Ramparts          Ice            0%         1d2       78%         3
 Summon Guardian Golem    Hex/Summ       0%         N/A       78%         3
 Swiftness                Air            0%         N/A       78%         3
 Airstrike                Air            0%         N/A       99%         4
 Hailstorm                Conj/Ice       0%         3d3       99%         4
 Orb of Destruction       Conj           0%         N/A       100%        7
 Spellforged Servitor     Conj/Summ      0%         N/A       100%        7


Dungeon Overview and Level Annotations

Branches:
Dungeon (12/15)            Temple (1/1) D:5            Lair (1/6) D:11
    Orc (2/2) D:9
    Elf: Orc:2

Altars:
Ashenzari
Cheibriados
Dithmenos
Elyvilon
Fedhas
Gozag
Hepliaklqana
Kikubaaqudgha
Makhleb
Nemelex Xobeh
Okawaru
Qazlal
Ru
Sif Muna
Trog
Uskayaw
Vehumet
Wu Jian
Xom
Yredelemnul
Zin
The Shining One

Shops:
D:10 (

Portals:
Trove: D:10 (give +4 shadow dragon scales)


Message History

A blizzard blasts the area with ice!
The blast of ice hits you!!
You are encased in ice.
The blast of ice hits the five-headed hydra!!
The five-headed hydra is moderately wounded.
The five-headed hydra is flash-frozen.
The blast of ice hits the yak!
The yak is heavily wounded.
The yak is flash-frozen.
The unseen horror barely misses your earth elemental.
The unseen horror hits your earth elemental but does no damage.
The purple ugly thing bites you! The yak gores you.
The five-headed hydra bites you.
You block the five-headed hydra's attack.
The five-headed hydra bites you. x2
* * * LOW HITPOINT WARNING * * *
The five-headed hydra bites you but does no damage.
The yak barely misses you.
Your water elemental hits the yak!!
Your water elemental engulfs the yak in water!
Okay, then.
Okay, then.
Unknown command.
The ice encasing you melts away.
The five-headed hydra is no longer encased in ice.
The yak is asphyxiated! x2; The unseen horror closely misses you.
The yak gores your earth elemental but does no damage.
Your earth elemental hits the yak.
Your earth elemental hits the yak!
Your water elemental hits the yak!
The yak dies!
Qazlal accepts your kill.
The purple ugly thing bites you but does no damage.
You swap places.
The yak is no longer encased in ice.
The unseen horror hits you.
* * * LOW HITPOINT WARNING * * *
The unseen horror hits you but does no damage.
The purple ugly thing bites your earth elemental.
Your earth elemental hits the five-headed hydra.
Your earth elemental barely misses the yak.
The unseen horror hits you but does no damage.
The cyclops throws a large rock.
The large rock hits you!!!
You die...

...##
####...........#
..##
#............#
..#
#............#
..#
#............#
..#
#............##
.##
#.............#
##
#.............#
#
#......☼......#
#....EE@......#
##..YD.x......#
##.uE.......^#
##.°........#
####......##
###..### C.# ..#
..


You could see a five-headed hydra, a purple ugly thing, a cyclops, a yak (ally
target), an unseen horror (invisible), 2 friendly earth elementals and a
friendly water elemental (summoned).

Vanquished Creatures
  A two-headed ogre (D:10)
  4 lindwurms (D:10)
  An orc knight (Orc:1)
  Pikel (D:4)
  An ugly thing (D:10)
  A cyclops (D:11)
  A troll (D:11)
  A hornet (D:10)
  A shadow (D:10)
  2 wraiths (D:11)
  3 yaks (D:11)
  Eustachio (D:4)
  Edmund (D:4)
  3 acid dragons
  2 ice beasts (D:5)
  3 orc warriors
  A sky beast (D:6)
  A black bear (D:11)
  3 necrophages
  A tengu (shapeshifter) (D:8)
  2 ogres (D:7)
  4 centaurs
  A phantom (D:5)
  A lemure (D:4)
  4 kobold brigands
  2 bullfrogs (D:8)
  A gnoll sergeant (D:8)
  A wyvern zombie (D:6)
  3 scorpions (D:5)
  2 water moccasin skeletons
  18 killer bees
  5 wights
  4 howler monkeys
  6 electric eels (D:10)
  A bullfrog zombie (D:5)
  4 centaur zombies
  A centaur skeleton (D:6)
  5 hounds
  3 orc priests
  4 jellies
  2 bullfrog skeletons
  3 iguanas
  Terence (D:2)
  Natasha (thrice) (D:4)
  9 orc wizards
  2 hound skeletons
  A howler monkey zombie (D:9)
  7 adders
  8 gnolls
  A shadow imp (D:8)
  3 white imps
  2 ufetubi (D:5)
  4 worms
  2 dart slugs
  35 orcs
  7 endoplasms
  4 giant cockroaches
  14 goblins
  5 hobgoblins
  4 jackals
  23 kobolds
  4 quokkas
  4 ball pythons
  2 bats (D:2)
  A frilled lizard (D:1)
  5 rats
261 creatures vanquished.

Vanquished Creatures (collateral kills)
  Psyche (D:10)
  A yak (D:11)
2 creatures vanquished.

Grand Total: 263 creatures vanquished

Notes
Turn   | Place    | Note
-------+----------+-------------------------------------------
     0 | D:1      | croobank the Hill Orc Fighter began the quest for the Orb.
     0 | D:1      | Reached XP level 1. HP: 19/19 MP: 1/1
   594 | D:1      | Reached XP level 2. HP: 25/27 MP: 2/2
   794 | D:1      | Found a faded altar of an unknown god.
  1377 | D:2      | Reached XP level 3. HP: 33/33 MP: 3/3
  1422 | D:2      | Identified the +7 spear "Hivefoz" {venom, *Corrode Fly
                  | Str+7 SInv}
  1684 | D:2      | Noticed Terence
  1692 | D:2      | Killed Terence
  1693 | D:2      | Reached skill level 1 in Polearms
  1693 | D:2      | Reached XP level 4. HP: 30/40 MP: 4/4
  3125 | D:4      | Noticed Edmund
  3130 | D:4      | Killed Edmund
  3131 | D:4      | Reached XP level 5. HP: 43/47 MP: 5/5
  3214 | D:4      | Noticed Natasha
  3221 | D:4      | Killed Natasha
  3222 | D:4      | Reached XP level 6. HP: 48/55 MP: 6/6
  3347 | D:4      | Noticed Pikel
  3373 | D:4      | Killed Pikel
  3374 | D:4      | Reached skill level 5 in Fighting
  3374 | D:4      | Reached skill level 5 in Polearms
  3374 | D:4      | Reached skill level 5 in Armour
  3374 | D:4      | Reached skill level 5 in Shields
  3374 | D:4      | Reached XP level 7. HP: 39/61 MP: 7/7
  3510 | D:4      | Noticed Eustachio
  3542 | D:4      | Killed Eustachio
  3568 | D:4      | Noticed Natasha
  3575 | D:4      | Killed Natasha
  3608 | D:4      | Reached XP level 8. HP: 70/70 MP: 8/8
  4112 | D:4      | Noticed Natasha
  4118 | D:4      | Killed Natasha
  4206 | D:5      | Entered Level 5 of the Dungeon
  4252 | D:5      | Found a white marble altar of Elyvilon.
  4679 | D:5      | Found a staircase to the Ecumenical Temple.
  4703 | Temple   | Entered the Ecumenical Temple
  4765 | Temple   | Became a worshipper of Qazlal Stormbringer
  5028 | D:5      | Reached skill level 2 in Invocations
  5098 | D:5      | Reached skill level 3 in Invocations
  5105 | D:5      | Reached skill level 4 in Invocations
  5105 | D:5      | Reached XP level 9. HP: 76/78 MP: 10/12
  5139 | D:5      | Reached skill level 5 in Invocations
  5164 | D:5      | Reached skill level 6 in Invocations
  5476 | D:6      | Reached skill level 7 in Invocations
  5933 | D:6      | Reached skill level 8 in Invocations
  6307 | D:6      | Reached * piety under Qazlal
  6575 | D:7      | Reached skill level 9 in Invocations
  6817 | D:7      | Found a bloodstained altar of Trog.
  7137 | D:7      | Reached skill level 10 in Invocations
  7411 | D:8      | Found a sparkling altar of Nemelex Xobeh.
  7651 | D:8      | Noticed a tarantella
  7651 | D:8      | a raiju changed into a tarantella
  7671 | D:8      | Reached ** piety under Qazlal
  7672 | D:8      | Reached skill level 11 in Invocations
  7680 | D:8      | Reached XP level 10. HP: 74/84 MP: 18/18
  7711 | D:8      | Reached skill level 12 in Invocations
  8227 | D:8      | Noticed a black mamba
  8227 | D:8      | a yaktaur changed into a black mamba
  8917 | D:8      | Reached *** piety under Qazlal
  9665 | D:9      | Found a staircase to the Orcish Mines.
  9795 | D:10     | Entered Level 10 of the Dungeon
  9796 | D:10     | Noticed a two-headed ogre
  9807 | D:10     | Killed a two-headed ogre
  9815 | D:10     | Reached skill level 13 in Invocations
  9986 | D:10     | Noticed a lindwurm
  9987 | D:10     | Noticed a lindwurm
  9995 | D:10     | Noticed a lindwurm
  9995 | D:10     | Noticed a lindwurm
 10052 | D:10     | Found Gawein's Weapon Shoppe.
 10514 | D:10     | Killed a lindwurm
 10568 | D:10     | Killed a lindwurm
 10569 | D:10     | Reached XP level 11. HP: 91/91 MP: 19/21
 10600 | D:10     | Killed a lindwurm
 10607 | D:10     | HP: 1/91 [lindwurm/blast of flame (13)]
 10609 | D:10     | Killed a lindwurm
 11113 | D:10     | Found a portal to a secret trove of treasure.
 11161 | D:10     | Noticed Psyche
 11175 | D:10     | Killed Psyche
 11723 | D:10     | Found a broken altar of Ashenzari.
 12199 | D:10     | Reached **** piety under Qazlal
 12492 | Orc:1    | Entered Level 1 of the Orcish Mines
 12528 | Orc:2    | Entered Level 2 of the Orcish Mines
 12539 | Orc:2    | Noticed an orc knight
 12552 | Orc:2    | Noticed an orc sorcerer
 12568 | Orc:1    | Killed an orc knight
 12865 | D:11     | Reached skill level 14 in Invocations
 13079 | D:11     | Noticed a cyclops
 13083 | D:11     | Noticed a brown ugly thing
 13097 | D:10     | Killed a brown ugly thing
 13397 | D:11     | Killed a cyclops
 13937 | D:11     | Found a staircase to the Lair.
 13998 | Lair:1   | Entered Level 1 of the Lair of Beasts
 14003 | Lair:1   | Noticed a five-headed hydra
 14071 | Lair:1   | Noticed an eight-headed hydra
 14082 | D:11     | Noticed a purple ugly thing
 14099 | D:11     | Noticed a cyclops
 14394 | D:11     | Hit by a large rock thrown by a cyclops

Illustrated notes

Levels and vault maps discovered:
D:1:      heliophobic_arrival_glass_houses, layout_loops_corners,
          dreamdust_ecumenical_altar_statues, corner_web_ring
D:2:      minmay_chambers_of_ones, layout_loops_ring, kennysheep_generic_room_6,
          uniq_terence
D:3:      layout_basic, chequers_garden
D:4:      layout_loops_cross, uniq_natasha, uniq_pikel, uniq_eustachio,
          uniq_edmund
D:5:      minmay_diamond_boxcup, layout_loops_ring, mainiacjoe_overflow_catwalk,
          minmay_temple_entry_ruins
D:6:      layout_basic, minmay_misc_feat_rows, minmay_chambers_of_fives
D:7:      layout_cave_pools, trog_hazing_becter
D:8:      layout_loops_ring, nemelex_diamond_rough_becter, grunt_potential
D:9:      layout_cave_pools, orc_0_dummy
D:10:     layout_basic, ashenzari_conservatory_becter, serial_shops,
          kennysheep_little_box, enter_trove_3, minmay_lindwurm_lava,
          uniq_psyche
D:11:     layout_cave_pods, david_lair_generic
D:12:     minmay_bloctagon_deflated, layout_basic
Temple:   mainiacjoe_temple_coin_purse
Lair:1:   layout_long_grid
Orc:1:    layout_diamond_mine, uniq_snorg
Orc:2:    grunt_orc_gardens, layout_diamond_mine, grunt_orc_garden,
          grunt_orc_garden, grunt_orc_garden, grunt_orc_garden, basic_altar,
          nicolae_shop_clearance

Skill      XL: |  1  2  3  4  5  6  7  8  9 10 11 |
---------------+----------------------------------+-----
Axes           | 3 |  3.2
Fighting       | 4 5 6 |  6.7
Polearms       | 1 3 5 6 8 9 |  9.5
Armour         | 4 5 6 7 9 |  9.0
Shields        | 4 5 6 7 9 |  9.0
Invocations    | 4 11 13 14 | 14.4

Action                   |  1- 3 |  4- 6 |  7- 9 | 10-12 || total
-------------------------+-------+-------+-------+-------++-------
Melee: War axe           |    75 |       |       |       ||    75
       Spear             |    25 |    61 |   337 |   437 ||   860
 Fire: Hunting sling     |       |       |       |    95 ||    95
Throw: Stone             |       |       |     4 |     1 ||     5
       Dart              |       |       |       |     1 ||     1
Invok: Upheaval          |       |       |       |     1 ||     1
       Elemental Force   |       |       |       |     1 ||     1
Evoke: Wand              |       |       |       |    12 ||    12
       Box of beasts     |       |       |       |     1 ||     1
  Use: Scroll            |     1 |     5 |     5 |    11 ||    22
       Potion            |     1 |     1 |       |     4 ||     6
Armor: Scale mail        |    44 |    12 |    94 |       ||   150
       Acid dragon scale |       |       |     9 |   151 ||   160
Dodge: Dodged            |    55 |    13 |    96 |   164 ||   328
       Repelled          |       |       |       |     1 ||     1
Block: Buckler           |    22 |     9 |    73 |   173 ||   277

Table legend: (Time is in decaauts)
 A = Elapsed time spent in this place.
 B = Non-inter-level travel time spent in this place.
 C = Inter-level travel time spent in this place.
 D = Time resting spent in this place.
 E = Time spent auto-exploring this place.
 F = Levels seen in this place.
 G = Mean time per level.
                   A        B        C        D        E       F      G
               +--------+--------+--------+--------+--------+-----+--------+
         Total |  14224 |  13715 |    509 |   4356 |   5724 |  16 |  889.0 |
       Dungeon |  13876 |  13383 |    493 |   4209 |   5643 |  12 | 1156.3 |
        Temple |    108 |     92 |     16 |      0 |     70 |   1 |  108.0 |
          Lair |      8 |      8 |      0 |      0 |      0 |   1 |    8.0 |
  Orcish Mines |    231 |    231 |      0 |    147 |     11 |   2 |  115.5 |
               +--------+--------+--------+--------+--------+-----+--------+

Top non-repeatable levels by time:
    D:10: 2990 daAuts
     D:6: 1516 daAuts
     D:8: 1400 daAuts
     D:2: 1300 daAuts
     D:1: 1084 daAuts
     D:4: 1081 daAuts
     D:7: 1058 daAuts
    D:11: 968 daAuts
     D:5: 790 daAuts
     D:3: 765 daAuts
     D:9: 644 daAuts
    D:12: 274 daAuts
   Orc:1: 204 daAuts
  Temple: 108 daAuts
   Orc:2: 27 daAuts
